 Dungeon Crawl Stone Soup version 0.24.0-3-g28a8eb0610 (webtiles) character file.

Game seed: 11624204837632422529, levelgen mode: deterministic

987 Curus the Cleaver (level 7, -5/57 HPs)
             Began as a Minotaur Abyssal Knight on Nov 1, 2019.
             Was a Believer of Lugonu.
             Slain by a centaur (7 damage)
             ... on level 5 of the Dungeon.
             The game lasted 00:19:42 (3830 turns).

Curus the Cleaver (Minotaur Abyssal Knight)         Turns: 3830, Time: 00:19:42

Health: -5/57      AC:  8    Str: 20    XL:     7   Next: 97%
Magic:  11/11      EV: 11    Int: 11    God:    Lugonu [**....]
Gold:   246        SH:  0    Dex: 12    Spells: 6/6 levels left

rFire    + . .     SeeInvis .   a - +1 hand axe
rCold    . . .     Gourm    .   (no shield)
rNeg     . . .     Faith    .   u - +5 leather armour "Gohurol" {rPois rF+ Int+2}
rPois    +         Spirit   .   (helmet restricted)
rElec    .         Reflect  .   (no cloak)
rCorr    .         Harm     .   (no gloves)
MR       .....                  (no boots)
Stlth    ++........             (no amulet)
HPRegen  0.19/turn              d - +4 ring of strength
MPRegen  0.12/turn              f - ring of stealth

@: no status effects
A: retaliatory headbutt, horns 2
a: Depart the Abyss, Bend Space, Renounce Religion


You were on level 5 of the Dungeon.
You worshipped Lugonu.
Lugonu was pleased with you.
You were not hungry.

You visited 1 branch of the dungeon, and saw 5 of its levels.
You visited the Abyss 1 time.

You collected 246 gold pieces.

Inventory:

Hand Weapons
 a - a +1 hand axe (weapon)
Armour
 b - a +0 leather armour
 h - a +0 ring mail
 p - a +1 chain mail
 u - the +5 leather armour "Gohurol" (worn) {rPois rF+ Int+2}
   (You took it off an orc priest on level 4 of the Dungeon)

   It affects your intelligence (+2).
   It protects you from fire.
   It protects you from poison.
Jewellery
 d - a +4 ring of strength (left hand)
 f - a ring of stealth (right hand)
Wands
 m - a wand of digging (11)
 q - a wand of polymorph (12)
Scrolls
 e - 3 scrolls of immolation
 i - a scroll of fear
 j - 3 scrolls of remove curse
 k - a scroll of magic mapping
 r - a scroll of amnesia
Potions
 g - 3 potions of heal wounds
 l - 2 potions of curing
 n - 2 potions of agility
 o - 2 potions of brilliance
 s - 2 potions of haste
Comestibles
 c - 15 rations
 t - 4 chunks of flesh


   Skills:
 - Level 3.6 Fighting
 + Level 8.0 Axes
 - Level 2.4 Armour
 - Level 1.1 Dodging
 * Level 6.8 Invocations


You had 6 spell levels left.
You didn't know any spells.
Your spell library was empty.

Dungeon Overview and Level Annotations

Branches:
Dungeon (5/15)
 Temple: D:4-7

Altars:
Dithmenos
Fedhas
Gozag
Okawaru
Trog
Xom
The Shining One


Innate Abilities, Weirdness & Mutations

You reflexively headbutt those who attack you in melee.
You have a pair of horns on your head.


Message History

The centaur unwields a +0 shortbow.
The centaur hits you.
* * * LOW HITPOINT WARNING * * *
You hit the centaur but do no damage. The centaur hits you!
* * * LOW HITPOINT WARNING * * *
The centaur barely misses you. You furiously retaliate!
You headbutt the centaur! You hit the centaur but do no damage.
The centaur is moderately wounded.
The centaur hits you but does no damage.
You hit the centaur. Your headbutt misses the centaur.
The centaur is severely wounded.
The centaur hits you but does no damage.
The centaur hits you.
* * * LOW HITPOINT WARNING * * *
Okay, then.
Unknown command.
You closely miss the centaur.
The centaur is severely wounded.
The centaur hits you!
You die...

##. >.....#.. #..
#.......... #...
#......##.. #....
##..).......
...."##...........
.................
.............#
......c@(..(#
...........)#
..........(.##
........<(...#
.........(..##
............##
..#.......<..#
..#.........?....#
#...#........###


You could see a centaur.

Vanquished Creatures
  Pikel (D:4)
  An ogre (D:4)
  A centaur (D:5)
  A howler monkey (D:4)
  A hound (D:4)
  A centaur skeleton (D:4)
  2 orc priests (D:4)
  An orc wizard (D:4)
  A bullfrog skeleton (D:4)
  Ijyb (D:4)
  A killer bee zombie (D:3)
  4 adders
  A gnoll (D:3)
  An ooze (D:2)
  An adder skeleton (D:4)
  3 worms
  4 dart slugs
  3 leopard geckos
  3 orcs
  9 bats
  4 giant cockroaches
  11 goblins
  5 hobgoblins
  2 jackals (D:4)
  A quokka (D:5)
  6 frilled lizards
  A jackal skeleton (D:4)
  9 kobolds
  A leopard gecko skeleton (D:4)
  7 rats
88 creatures vanquished.

Vanquished Creatures (others)
  A slave (D:4)
  An adder (D:4)
  An ooze (D:4)
  3 orcs (D:4)
  A giant cockroach (D:4)
  2 jackals (D:4)
9 creatures vanquished.

Grand Total: 97 creatures vanquished

Notes
Turn   | Place    | Note
-------+----------+-------------------------------------------
     0 | Abyss:1  | Curus the Minotaur Abyssal Knight began the quest for the
                  | Orb.
     0 | Abyss:1  | Reached XP level 1. HP: 19/19 MP: 1/1
     0 | Abyss:1  | Found a corrupted altar of Lugonu.
    15 | Abyss:1  | Found a corrupted altar of Lugonu.
    53 | Abyss:1  | Noticed a small abomination
    53 | Abyss:1  | Noticed a swamp dragon zombie
    54 | D:1      | Escaped the Abyss
   221 | D:1      | Reached skill level 3 in Axes
   221 | D:1      | Reached XP level 2. HP: 22/26 MP: 2/2
   224 | D:1      | Reached * piety under Lugonu
   887 | D:2      | Reached XP level 3. HP: 31/31 MP: 2/4
  1699 | D:3      | Reached skill level 4 in Axes
  1747 | D:3      | Found a shadowy altar of Dithmenos.
  1804 | D:3      | Reached XP level 4. HP: 15/39 MP: 5/5
  1896 | D:3      | Found a glowing golden altar of the Shining One.
  1989 | D:3      | Reached ** piety under Lugonu
  2108 | D:3      | Found an iron altar of Okawaru.
  2636 | D:4      | Reached skill level 5 in Axes
  2636 | D:4      | Reached XP level 5. HP: 28/45 MP: 5/7
  2943 | D:4      | Noticed Ijyb
  2945 | D:4      | Noticed Pikel
  2950 | D:4      | Noticed a slave
  2952 | D:4      | Noticed a slave
  2961 | D:4      | Noticed a slave
  2971 | D:4      | Killed Ijyb
  2972 | D:4      | Noticed a slave
  2977 | D:4      | Killed Pikel
  2977 | D:4      | Reached skill level 7 in Axes
  2977 | D:4      | Reached skill level 5 in Invocations
  2977 | D:4      | Reached XP level 6. HP: 50/51 MP: 7/9
  2977 | D:4      | Reached XP level 7. HP: 56/57 MP: 7/10
  3173 | D:4      | Found a blossoming altar of Fedhas.
  3301 | D:4      | Identified the +5 leather armour "Gohurol" {rPois rF+
                  | Int+2}
  3637 | D:4      | Found a bloodstained altar of Trog.
  3639 | D:4      | Found a bloodstained altar of Trog.
  3639 | D:4      | Found a shimmering altar of Xom.
  3641 | D:4      | Found a shattered altar of Ashenzari.
  3641 | D:4      | Found an opulent altar of Gozag.
  3641 | D:4      | Found a glowing golden altar of the Shining One.
  3801 | D:5      | Entered Level 5 of the Dungeon
  3814 | D:5      | Reached skill level 8 in Axes
  3829 | D:5      | HP: 2/57 [centaur (6)]
  3830 | D:5      | Slain by a centaur

Levels and vault maps discovered:
D:1:      minmay_arrival_three_doors, layout_basic
D:2:      layout_loops_ring, first_ration, minmay_hedge_maze, minivault_11
D:3:      kennysheep_big_flooded_room, layout_loops_cross, lemuel_doored_altar,
          old_standard_altar, okawaru_altar_gauntlet_db
D:4:      layout_loops_ring, doesnt_xom_only_xom,
          nicolae_overflow_crystal_walls, grunt_ministairs_3, uniq_pikel,
          uniq_ijyb
D:5:      layout_cave_pools, kennysheep_mini, old_standard_altar,
          minmay_temple_entry_grid, hangedman_abyss_or_decor_passed, uniq_edmund

Skill      XL: |  1  2  3  4  5  6  7 |
---------------+----------------------+-----
Invocations    | 2 3 4 5 6 |  6.8
Axes           | 3 4 5 7 8 |  8.0
Fighting       | |  3.6
Armour         | |  2.4
Dodging        | |  1.1

Action                   |  1- 3 |  4- 6 |  7- 9 || total
-------------------------+-------+-------+-------++-------
Melee: Hand axe          |    85 |    92 |    75 ||   252
       Headbutt          |    16 |    17 |    12 ||    45
Invok: Depart the Abyss  |     1 |       |       ||     1
  Use: Scroll            |     7 |     1 |     2 ||    10
       Potion            |     5 |     2 |     1 ||     8
 Stab: Sleeping          |     4 |       |       ||     4
  Eat: Chunk             |     2 |     4 |     3 ||     9
Armor: Leather armour    |     3 |       |     8 ||    11
       Ring mail         |    19 |    11 |       ||    30
       Chain mail        |       |    24 |    21 ||    45
Dodge: Dodged            |    28 |    45 |    21 ||    94
